 Dungeon Crawl Stone Soup version 0.29-a0-88-g03a7b78be7 (webtiles) character file.

Game seed: 17894713076404189252

7338 enile the Fighter (level 10, 0/111 (114) HPs)
             Began as a Troll Monk on Feb 5, 2022.
             Was a High Priest of Wu Jian.
             Slain by Snorg (8 damage)
             ... on level 10 of the Dungeon.
             The game lasted 00:19:47 (9408 turns).

enile the Fighter (Troll Monk)                      Turns: 9408, Time: 00:19:47

HP:   0/111 (114)   AC:  9    Str: 25    XL:     10   Next: 91%
MP:   0/9           EV: 19    Int:  6    God:    Wu Jian [*****.]
Gold: 1151          SH:  0    Dex: 12    Spells: 8/9 levels left

rFire   . . .      SeeInvis .     - Unarmed
rCold   + . .      Faith    .   (no shield)
rNeg    . . .      Spirit   +   u - +2 robe {Will+}
rPois   .          Reflect  .   (helmet restricted)
rElec   .          Harm     .   B - +2 cloak
rCorr   .          Rampage  .   (gloves unavailable)
Will    +....                   (boots unavailable)
Stlth   +.........              w - amulet of guardian spirit
HPRegen 1.08/turn               i - ring of protection from cold
MPRegen 0.11/turn               v - +4 ring of evasion

@: in a heavenly storm, glowing, lightly drained
A: large, unfitting armour, claws 3, regeneration 1, shaggy fur 1, tough skin 1
a: Renounce Religion, Wall Jump, Serpent's Lash, Heavenly Storm


You were on level 10 of the Dungeon.
You worshipped Wu Jian.
Wu Jian was extremely pleased with you.
You visited 1 branch of the dungeon, and saw 10 of its levels.

You collected 1151 gold pieces.

Inventory:

Hand Weapons
 k - a +2 battleaxe of electrocution
 m - a +1 scythe
 x - a +1 dire flail of protection
 z - a +0 vorpal trident
 A - a +4 quarterstaff of chaos
 C - a +1 mace of protection
 H - a +5 vorpal spear
Missiles
 c - 15 poisoned darts (quivered)
 d - 7 boomerangs
Armour
 a - a +2 robe
 u - a +2 robe of willpower (worn)
 B - a +2 cloak (worn)
Jewellery
 h - a ring of flight
 i - a ring of protection from cold (left claw)
 v - a +4 ring of evasion (right claw)
 w - an amulet of guardian spirit (around neck)
 G - a +6 ring of strength
Wands
 n - a wand of digging (7)
 E - a wand of flame (9)
Scrolls
 b - a scroll of silence
 f - 2 scrolls of immolation
 o - 2 scrolls of noise
 q - a scroll of fog
 s - 5 scrolls of vulnerability
 y - a scroll of enchant weapon
 F - a scroll of torment {unknown}
 I - a scroll of teleportation
 J - a scroll of identify
Potions
 e - a potion of flight
 g - 2 potions of cancellation
 j - 9 potions of curing
 l - 6 potions of brilliance
 p - 2 potions of lignification
 r - a potion of haste
 t - a potion of degeneration


   Skills:
 + Level 11.4 Fighting
 - Level 3.0 Throwing
 - Level 6.0 Dodging
 - Level 2.0 Stealth
 - Level 7.4 Unarmed Combat


You had 8 spell levels left.
You knew the following spells:

 Your Spells              Type           Power      Damage    Failure   Level
a - Summon Small Mammal   Summ           0%         N/A       45%         1

Your spell library contained the following spells:

 Spells                   Type           Power      Damage    Failure   Level
 Animate Skeleton         Necr           0%         N/A       45%         1
 Apportation              Tloc           0%         N/A       45%         1
 Pain                     Necr           0%         1d4       45%         1
 Ensorcelled Hibernation  Hex/Ice        0%         N/A       58%         2
 Passwall                 Tmut/Erth      0%         N/A       58%         2
 Swiftness                Air            0%         N/A       83%         3
 Vampiric Draining        Necr           0%         2d6       83%         3
 Agony                    Necr           0%         N/A       100%        5
 Excruciating Wounds      Necr           0%         N/A       100%        5


Dungeon Overview and Level Annotations

Branches:
Dungeon (10/15)            Temple (0/1) D:6             Orc (0/2) D:10
   Lair: D:8-11

Altars:
Ashenzari
Cheibriados
Dithmenos
Nemelex Xobeh
Okawaru
Sif Muna
Trog
Vehumet
Wu Jian
Xom

Annotations:
D:9 3 runed translucent doors, Pooter's ghost, novice MiBe; louisi3's ghost, novice PaFi; ravioli's ghost, novice DgEE
D:10 Snorg


Innate Abilities, Weirdness & Mutations

You are too large for most types of armour.
You have claws for hands.
Your natural rate of healing is unusually fast.
You are covered in fur. (AC +1)
You have tough skin. (AC +1)


Message History

Snorg is caught in the net!
Snorg is heavily wounded.
A meliai zombie comes into view.
Snorg struggles against the net.
You scratch Snorg. You claw Snorg!!
Snorg is heavily wounded.
Snorg struggles against the net.
You catch the helpless Snorg completely off-guard!
You mangle Snorg!!
Snorg is severely wounded.
Snorg struggles against the net.
You claw Snorg!
Snorg is severely wounded.
Snorg struggles against the net.
The net rips apart, and Snorg comes free!
Snorg bites you!! Snorg misses you. Snorg claws you!
Throw: throwing net
Press: ? - help, Q - select action, (/) - cycle Shift-Dir - straight line, f/p - Snorg
Aim: Snorg (severely wounded, berserk, 64% to hit)
You throw a throwing net. The throwing net barely misses Snorg.
The throwing net closely misses the meliai zombie.
Snorg barely misses you. Snorg closely misses you. Snorg claws you!
The air is filled with shimmering golden clouds!
Sifu Xiang Ba says: The storm will not cease as long as you keep fighting, disciple!
Snorg closely misses you. Snorg claws you!! Snorg barely misses you.
Snorg bites you but does no damage. Snorg misses you. Snorg claws you!
* * * LOW HITPOINT WARNING * * *
You hear a loud, deep croak!
You claw Snorg!
Snorg is almost dead.
Snorg bites you!
* * * LOW HITPOINT WARNING * * *
Snorg claws you.
* * * LOW HITPOINT WARNING * * *
Snorg claws you!
* * * LOW HITPOINT WARNING * * *
You hear a croak.
You hear a croak.
Snorg closely misses you. Snorg claws you!
You die...

... ..#.# ##.##...#
...#.#.# ######
...#.#######....#
#§#§☼§....#....#
#Z☼§☼§☼...#....#
#.#§§§§...#....#
...#§T§§...#....#
#.#.#§@####'#....#
...#.§§§# #.....###
..#.#.#§☼§ #.....#
#.##...#....#...<.#
.....#.#....#.....######
#.# .....#..........#
... #....###'##.....#
#######...'.....#
#...#.....#


You could see Snorg (berserk).

Vanquished Creatures
  Harold (D:6)
  An unseen horror (D:10)
  A troll (D:8)
  Prince Ribbit (D:5)
  A wraith (D:10)
  A vampire (D:10)
  8 yaks
  Sigmund (D:2)
  A shadow (D:9)
  Edmund (D:6)
  A steam dragon (D:9)
  A water moccasin (D:7)
  Duvessa (D:5)
  8 orc warriors
  4 black bears
  An ice beast (D:6)
  A sky beast (D:6)
  A necrophage (D:4)
  3 ogres
  3 centaurs
  A kobold brigand (D:8)
  3 bullfrogs
  A gnoll sergeant (D:9)
  A wyvern zombie (D:8)
  A water moccasin zombie (D:6)
  A scorpion (D:5)
  A wyvern skeleton (D:5)
  A water moccasin skeleton (D:6)
  Dowan (D:5)
  7 wights
  The ghost of Cecur the Grasshopper, a weakling SpWr (D:3)
  A centaur zombie (D:9)
  Crazy Yiuf (D:6)
  3 orc priests
  A bullfrog skeleton (D:6)
  A hound (D:4)
  5 iguanas
  10 orc wizards
  A killer bee zombie (D:7)
  A hound skeleton (D:5)
  A howler monkey zombie (D:7)
  2 howler monkey skeletons
  20 gnolls
  8 adders
  An ufetubus (D:5)
  3 worms
  A dart slug (D:4)
  30 orcs
  2 bats
  9 endoplasms
  2 giant cockroaches (D:2)
  5 goblins
  7 hobgoblins
  14 jackals
  7 quokkas
  8 ball pythons
  A frilled lizard (D:1)
  8 kobolds
  7 rats
220 creatures vanquished.

Vanquished Creatures (others)
  A giant cockroach (D:4)
  10 fungi (D:10)
  9 plants (D:10)
20 creatures vanquished.

Grand Total: 240 creatures vanquished

Notes
Turn   | Place    | Note
-------+----------+-------------------------------------------
     0 | D:1      | enile the Troll Monk began the quest for the Orb.
     0 | D:1      | Reached XP level 1. HP: 22/22 MP: 0/0
   494 | D:1      | Found a faded altar of an unknown god.
   789 | D:1      | Prayed at the altar of an unknown god.
   789 | D:1      | Became a worshipper of the Wu Jian Council
   789 | D:1      | Reached * piety under Wu Jian
   789 | D:1      | Reached ** piety under Wu Jian
   864 | D:2      | Reached skill level 3 in Fighting
   864 | D:2      | Reached XP level 2. HP: 31/31 MP: 1/1
   985 | D:2      | Reached *** piety under Wu Jian
  1281 | D:2      | Reached XP level 3. HP: 35/37 MP: 2/2
  1656 | D:2      | Noticed Sigmund
  1663 | D:2      | Killed Sigmund
  1664 | D:2      | Reached skill level 4 in Fighting
  1664 | D:2      | Reached skill level 1 in Throwing
  1664 | D:2      | Reached XP level 4. HP: 48/48 MP: 3/3
  1664 | D:2      | Reached XP level 5. HP: 54/54 MP: 4/4
  1967 | D:3      | Noticed Cecur's ghost (weakling SpWr)
  2275 | D:3      | Found a runed translucent door.
  2601 | D:3      | Killed Cecur's ghost
  2616 | D:3      | Identified a scroll of acquirement
  2624 | D:3      | Acquired 628 gold pieces
  2658 | D:4      | Found a shimmering altar of Xom.
  2664 | D:4      | Reached XP level 6. HP: 52/58 MP: 5/5
  2761 | D:4      | Reached **** piety under Wu Jian
  2909 | D:4      | Reached XP level 7. HP: 66/71 MP: 6/6
  2944 | D:4      | Reached skill level 5 in Fighting
  3398 | D:5      | Entered Level 5 of the Dungeon
  3405 | D:5      | Reached skill level 5 in Unarmed Combat
  3790 | D:5      | Noticed Dowan
  3791 | D:5      | Noticed Duvessa
  3811 | D:5      | Killed Duvessa
  3814 | D:5      | Killed Dowan
  3815 | D:5      | Reached skill level 6 in Fighting
  3815 | D:5      | Reached XP level 8. HP: 27/83 MP: 7/7
  4180 | D:5      | Noticed Prince Ribbit
  4193 | D:5      | Learned a level 1 spell: Summon Small Mammal
  4198 | D:5      | Killed Prince Ribbit
  4703 | D:5      | Found a shimmering blue altar of Sif Muna.
  4841 | D:6      | Found a shadowy altar of Dithmenos.
  4843 | D:6      | Found a bloodstained altar of Trog.
  4843 | D:6      | Found an iron altar of Okawaru.
  4844 | D:6      | Found a broken altar of Ashenzari.
  4849 | D:6      | Found a sparkling altar of Nemelex Xobeh.
  4850 | D:6      | Found a snail-covered altar of Cheibriados.
  4906 | D:6      | Reached skill level 7 in Fighting
  5017 | D:6      | Found a staircase to the Ecumenical Temple.
  5106 | D:6      | Found a runed translucent door.
  5107 | D:6      | Noticed Crazy Yiuf
  5166 | D:6      | Noticed Edmund
  5182 | D:6      | Killed Edmund
  5271 | D:6      | Reached XP level 9. HP: 94/94 MP: 8/8
  5486 | D:6      | Killed Crazy Yiuf
  5562 | D:7      | Noticed Harold
  5568 | D:6      | Reached skill level 8 in Fighting
  5839 | D:6      | Killed Harold
  5840 | D:6      | Reached skill level 5 in Dodging
  5978 | D:7      | Reached ***** piety under Wu Jian
  6062 | D:7      | Reached skill level 9 in Fighting
  6608 | D:8      | Reached XP level 10. HP: 107/107 MP: 9/9
  6802 | D:8      | Reached skill level 10 in Fighting
  7695 | D:8      | HP: 5/111 [orc warrior (16)]
  7696 | D:8      | HP: 2/111 [orc warrior (4)]
  8168 | D:9      | Reached skill level 11 in Fighting
  8255 | D:9      | Found a radiant altar of Vehumet.
  8432 | D:9      | You fall into a shaft and drop 1 floor!
  8432 | D:10     | Entered Level 10 of the Dungeon
  8667 | D:9      | Found a runed translucent gate.
  8668 | D:9      | Found a runed translucent gate.
  8669 | D:9      | Found a runed translucent gate.
  9019 | D:9      | Noticed Pooter's ghost (novice MiBe)
  9019 | D:9      | Noticed louisi3's ghost (novice PaFi)
  9019 | D:9      | Noticed ravioli's ghost (novice DgEE)
  9048 | D:10     | Found a staircase to the Orcish Mines.
  9362 | D:10     | Noticed a two-headed ogre
  9392 | D:10     | Noticed Snorg
  9408 | D:10     | Slain by Snorg

Illustrated notes

Levels and vault maps discovered:
D:1:      minmay_arrival_up_and_down, layout_basic,
          shapermc_ecumenical_altar_pompeii
D:2:      minmay_door_path, layout_loops_corners, hex_large, minivault_25,
          uniq_sigmund
D:3:      layout_basic, hellmonk_ghost_happy_afterlife
D:4:      layout_basic, xom_confusion_cloud
D:5:      layout_layer_cave, mainiacjoe_overflow_alcove_4, uniq_duvessa,
          uniq_prince_ribbit1
D:6:      layout_basic, grunt_temple_overflow_open,
          minmay_temple_entry_drinking_statues, uniq_edmund,
          uniq_crazy_yiuf_cottage
D:7:      layout_cave_pools, uniq_harold
D:8:      layout_loops_ring
D:9:      layout_layer_cave, vehumet_altar_wand_db, gammafunk_ghost_cemetery
D:10:     layout_gridville, mainiacjoe_overflow_boulevard,
          grunt_lair_entry_orc_guard_hut, david_orc_2,
          nicolae_concentric_dashed_squares_wild, st_stairs_11, uniq_snorg

Skill      XL: |  1  2  3  4  5  6  7  8  9 10 |
---------------+-------------------------------+-----
Fighting       | 3 4 6 7 9 11 | 11.4
Unarmed Combat | 4 5 6 7 |  7.4
Dodging        | 3 4 5 6 |  6.0
Throwing       | 1 2 3 |  3.0
Stealth        | 2 |  2.0

Action                   |  1- 3 |  4- 6 |  7- 9 | 10-12 || total
-------------------------+-------+-------+-------+-------++-------
Melee: Unarmed           |    81 |   154 |   327 |   164 ||   726
       Punch             |     1 |     4 |     8 |    13 ||    26
       Quarterstaff      |       |       |       |    67 ||    67
Throw: Boomerang         |       |       |     3 |       ||     3
       Dart              |       |       |     2 |    12 ||    14
       Throwing net      |       |       |       |     5 ||     5
 Cast: Summon Small Mamm |       |       |     3 |       ||     3
Invok: Lunge             |     7 |    13 |    14 |    10 ||    44
       Whirlwind         |     1 |     3 |    13 |    15 ||    32
       Heavenly Storm    |       |       |       |     1 ||     1
 Abil: Wall Jump         |       |     4 |     3 |     6 ||    13
  Use: Scroll            |       |     9 |     6 |     7 ||    22
       Potion            |       |       |     4 |     3 ||     7
 Stab: Sleeping          |     5 |     2 |     6 |     1 ||    14
       Held in net/web   |       |       |       |     3 ||     3
Armor: Robe              |    26 |    57 |   106 |    98 ||   287
Dodge: Dodged            |    26 |    74 |   209 |   193 ||   502

Table legend: (Time is in decaauts)
 A = Elapsed time spent in this place.
 B = Non-inter-level travel time spent in this place.
 C = Inter-level travel time spent in this place.
 D = Time resting spent in this place.
 E = Time spent auto-exploring this place.
 F = Levels seen in this place.
 G = Mean time per level.
                   A        B        C        D        E       F      G
               +--------+--------+--------+--------+--------+-----+--------+
         Total |   9351 |   8968 |    383 |    483 |   6702 |  10 |  935.1 |
       Dungeon |   9351 |   8968 |    383 |    483 |   6702 |  10 |  935.1 |
               +--------+--------+--------+--------+--------+-----+--------+

Top non-repeatable levels by time:
     D:5: 1424 daAuts
     D:9: 1421 daAuts
     D:6: 1099 daAuts
     D:8: 1066 daAuts
     D:2: 959 daAuts
     D:1: 843 daAuts
     D:3: 836 daAuts
     D:4: 744 daAuts
     D:7: 514 daAuts
    D:10: 441 daAuts
